 Dungeon Crawl Stone Soup version 0.29-a0-275-g389c0b56f3 (webtiles) character file.

Game seed: 537594841428346460

52 spaghetti the Skirmisher (level 3, 23/36 HPs)
             Began as a Deep Dwarf Chaos Knight on Mar 12, 2022.
             Was a Believer of Dithmenos.
             Quit the game on level 2 of the Dungeon.
             The game lasted 00:02:14 (708 turns).

spaghetti the Skirmisher (Deep Dwarf Chaos Knight)   Turns: 708, Time: 00:02:15

Health: 23/36      AC:  5    Str: 17    XL:     3   Next: 60%
Magic:  2/2        EV: 11    Int: 12    God:    Dithmenos [**....]
Gold:   60         SH:  0    Dex: 12    Spells: 2/2 levels left

rFire   . . .      SeeInvis .   a - +0 hand axe (chaos) {axe}
rCold   . . .      Faith    .   (no shield)
rNeg    . . .      Spirit   .   b - +2 leather armour
rPois   .          Reflect  .   (no helmet)
rElec   .          Harm     .   (no cloak)
rCorr   .          Rampage  .   (no gloves)
Will    .....                   (no boots)
Stlth   +.........              (no amulet)
HPRegen 0.00/turn               (no ring)
MPRegen 0.08/turn               (no ring)

@: wreathed by umbra
A: damage resistance, heal wounds, sense surroundings 1, no regeneration
a: Heal Wounds, Renounce Religion, Shadow Step


You were on level 2 of the Dungeon.
You worshipped Dithmenos.
Dithmenos was pleased with you.
You visited 1 branch of the dungeon, and saw 2 of its levels.

You collected 60 gold pieces.


Innate Abilities, Weirdness & Mutations

You are resistant to damage.
You can heal yourself by infusing magical energy.
You passively map a small area around you.
You do not regenerate.


   Skills:
 + Level 3.9 Fighting
 - Level 3.2 Axes
 - Level 2.1 Armour
 - Level 1.1 Dodging
 + Level 1.6 Necromancy


You had 2 spell levels left.
You didn't know any spells.
Your spell library contained the following spells:

 Spells                   Type           Power      Damage    Failure   Level
 Slow                     Hex            0%         N/A       36%         1
 Vampiric Draining        Necr           3%         2d6       52%         3
 Confusing Touch          Hex            0%         N/A       75%         3

Inventory:

Hand Weapons
 a - a +0 hand axe of chaos (weapon) {axe}
Missiles
 d - 3 poisoned darts {throwing}
 e - 66 stones {throwing}
Armour
 b - a +2 leather armour (worn)
Magical Staves
 f - a staff of fire {!astaff}
   (You found it on level 1 of the Dungeon)
Potions
 g - a potion of degeneration {!q@e2}
Miscellaneous
 c - a piece from Xom's chessboard (15/15) (quivered)

Dungeon Overview and Level Annotations

Branches:
Dungeon (2/15)

Altars:
Dithmenos

...,,* , ......* * ,,,
...... ########.##
...... #.......... ,
......#### #.######.#. ,
, ,
.........#####.######...
.........'..........>##.
, ,
...J...g.#)....#.##.....
, ,,
##....@.#)#####.##.....
* #......#.# #........ *
, .........#.# #........
.........#.# #.....†..
.....#####.# #..[...##
..... #.# #......## ....
#.# #........ <... #.#*
##....#.## *** #..
........#.


You could see a gnoll and an endoplasm.


Message History

* * * LOW HITPOINT WARNING * * *
😨 HP[-1]
You take 1 damage, and now have 12/28 hp.
You hit the adder. You freeze the adder.
You kill the adder!
Dithmenos accepts your kill.
Your Necromancy skill increases to level 1!
You have reached level 3!
Your experience leads to an increase in your attributes!
Increase (S)trength, (I)ntelligence, or (D)exterity?
You feel stronger. x2 😨 HP[+3] MP[+1]
You now have 36 max hp (+8).
You regained 3 hp, and now have 15/36 hp.
Your mp is fully restored (3).
You hit the endoplasm.
The endoplasm is poisoned.
The endoplasm barely misses you.
You hit the endoplasm.
You kill the endoplasm!
Dithmenos accepts your kill.
Okay, then.
You are no longer poisoned.
You see here a +0 scale mail.
e - 66 stones {throwing} (gained 23)
g - a pink potion A rat comes into view.
A rat is nearby!
Found a hunting sling and a scroll labelled WEVOLU USOCIDD.
Found a stone staircase leading down.
The rat bites you but does no damage.
You hit the rat.
You kill the rat!
Dithmenos accepts your kill.
You see here a +0 hunting sling {sling}.
h - a scroll labelled WEVOLU USOCIDD
As you read the scroll labelled WEVOLU USOCIDD, it crumbles to dust.
It is a scroll of identify.
g - a potion of degeneration You now have 60 gold pieces (gained 6).
Key pressed, stopping explore.
You open the door.
A gnoll comes into view. It is wielding a +0 spear.
A gnoll is nearby!
The gnoll shouts!
There is an open door here.
A gnoll comes into view. It is wielding a +0 flail.
The gnoll shouts!
There is an open door here.
You close the door.
Something unseen opens the door.
Non-targeted evoke: piece from Xom's chessboard (15/15)
Press: ? - help, Q - select action, (/) - cycle Dir - look around, f - activate You make a move on Xom's chessboard...
The gnoll falls asleep!
The gnoll shouts!
The gnoll hits you with a +0 spear.
* * * LOW HITPOINT WARNING * * *
😨 HP[-4]
You take 4 damage, and now have 11/36 hp.
You slash the gnoll!
The gnoll is poisoned.
The gnoll closely misses you.
You slash the gnoll! You freeze the gnoll.
You kill the gnoll!
Dithmenos accepts your kill. The gnoll barely misses you.
The gnoll closely misses you.
You see here a +0 flail {mace}.
You hit the gnoll.
You kill the gnoll!
Dithmenos accepts your kill.
You can now step into the shadows of nearby creatures.
Your piece from Xom's chessboard (15/15) has regained one charge.
A gnoll comes into view. It is wielding a +0 spear.
The gnoll shouts!
The gnoll moves out of view.
Things that are here:
a +0 spear {polearm}; a gnoll corpse The gnoll hits you from afar with a +0 spear.
There is an open door here.
A gnoll is nearby!
A gnoll is nearby!
The gnoll closely misses you.
An endoplasm comes into view.
Found a stone staircase leading up.
The gnoll hits you with a +0 spear!
* * * LOW HITPOINT WARNING * * *
😱 HP[-6]
You take 6 damage, and now have 5/36 hp.
You closely miss the gnoll. The gnoll hits you with a +0 spear.
* * * LOW HITPOINT WARNING * * *
😱 HP[-1]
You take 1 damage, and now have 4/36 hp.
You hit the gnoll but do no damage. The gnoll completely misses you.
Okay, then.
You hit the gnoll. The gnoll hits you with a +0 spear.
* * * LOW HITPOINT WARNING * * *
😱 HP[-1]
You take 1 damage, and now have 3/36 hp.
Your magical essence is drained by the effort!
You feel much better.
The gnoll closely misses you. 😮 HP[+20] MP[-1]
You regained 20 hp, and now have 23/36 hp.
Are you sure you want to abandon this character and quit the game? (Confirm with "yes".)

Skill      XL: |  1  2 |
---------------+-------+-----
Fighting       | 3 |  3.9
Necromancy     | 1 |  1.6
Axes           | |  3.2
Armour         | |  2.1
Dodging        | |  1.1

Action                   || total
-------------------------++-------
Melee: Hand axe          ||    67
 Abil: Heal Wounds       ||     1
Evoke: Piece from Xom's  ||     1
  Use: Potion            ||     2
       Scroll            ||     2
 Stab: Sleeping          ||     1
Armor: Leather armour    ||    19
Dodge: Dodged            ||    50

Levels and vault maps discovered:
D:1:      roderic_chinese_lattice_arrival, layout_basic,
          hellmonk_ecumenical_altar_crossroads
D:2:      layout_basic

Notes
Turn   | Place    | Note
-------+----------+-------------------------------------------
     0 | D:1      | spaghetti the Deep Dwarf Chaos Knight began the quest for
                  | the Orb.
     0 | D:1      | Reached XP level 1. HP: 20/20 MP: 1/1
     0 | D:1      | magus.rc [v1.9.6]
    30 | D:1      | XOM: potion effect (curing)
    85 | D:1      | Found a faded altar of an unknown god.
    96 | D:1      | Prayed at the altar of an unknown god.
    96 | D:1      | Fell from the grace of Xom
    96 | D:1      | Became a worshipper of Dithmenos the Shadowed
    96 | D:1      | Reached * piety under Dithmenos
   180 | D:1      | Reached skill level 3 in Fighting
   220 | D:1      | Reached XP level 2. HP: 21/28 MP: 2/2
   378 | D:1      | You pick up a book of Debilitation and begin reading...
   378 | D:1      | You add the spells Slow, Vampiric Draining and Confusing
                  | Touch to your library.
   633 | D:2      | Reached skill level 1 in Necromancy
   633 | D:2      | Reached XP level 3. HP: 15/36 MP: 3/3
   699 | D:2      | Reached ** piety under Dithmenos
   703 | D:2      | HP: 5/36 [gnoll/+0 spear (6)]
   708 | D:2      | Quit the game

Vanquished Creatures
  An adder (D:2)
  2 gnolls (D:2)
  A dart slug (D:1)
  2 ball pythons
  An endoplasm (D:2)
  4 goblins (D:1)
  5 hobgoblins (D:1)
  2 bats (D:1)
  A kobold (D:1)
  5 rats
24 creatures vanquished.

Table legend:
 A = Non-vault XP
 B = Vault XP
 C = Vault XP percentage of total XP
 D = Non-vault monster count
 E = Vault monster count
 F = Vault count percentage of total count
                 A         B        C        D         E       F
            +---------+---------+-------+---------+---------+-------
      Total |      75 |       0 |   0.0 |      24 |       0 |   0.0
            +---------+---------+-------+---------+---------+-------
        D:1 |      30 |       0 |   0.0 |      17 |       0 |   0.0
        D:2 |      45 |       0 |   0.0 |       7 |       0 |   0.0
            +---------+---------+-------+---------+---------+-------

Illustrated notes

Table legend:
 A = Kills in this place as a percentage of kills in entire the game.
 B = Kills by you in this place as a percentage of kills by you in the entire game.
 C = Kills by friends in this place as a percentage of kills by friends in the entire game.
 D = Other kills in this place as a percentage of other kills in the entire game.
 E = Experience gained in this place as a percentage of experience gained in the entire game.
 F = Experience gained in this place divided by the number of levels of this place that you have seen.
                   A       B       C       D       E      F
               +-------+-------+-------+-------+-------+----------------------
         Total | 100.0 | 100.0 |   N/A |   N/A | 100.0 |  37.5
       Dungeon | 100.0 | 100.0 |   N/A |   N/A | 100.0 |  37.5
               +-------+-------+-------+-------+-------+----------------------

Table legend: (Time is in decaauts)
 A = Elapsed time spent in this place.
 B = Non-inter-level travel time spent in this place.
 C = Inter-level travel time spent in this place.
 D = Time resting spent in this place.
 E = Time spent auto-exploring this place.
 F = Levels seen in this place.
 G = Mean time per level.
                   A        B        C        D        E       F      G
               +--------+--------+--------+--------+--------+-----+--------+
         Total |    716 |    672 |     44 |      0 |    464 |   2 |  358.0 |
       Dungeon |    716 |    672 |     44 |      0 |    464 |   2 |  358.0 |
               +--------+--------+--------+--------+--------+-----+--------+

Top non-repeatable levels by time:
     D:1: 608 daAuts
     D:2: 108 daAuts
